 Dungeon Crawl Stone Soup version 0.18.1-1-g2f07953 (webtiles) character file.

58 Eucla the Chopper (level 3, 0/33 HPs)
             Began as a Minotaur Berserker on May 6, 2016.
             Was a Follower of Trog.
             Succumbed to an adder's poison
             ... on level 2 of the Dungeon.
             The game lasted 00:01:10 (1180 turns).

Eucla the Chopper (Minotaur Berserker)              Turns: 1180, Time: 00:01:10

Health: 0/33       AC:  2    Str: 26    XL:     3   Next: 75%
Magic:  2/2        EV: 12    Int:  4    God:    Trog [*.....]
Gold:   90         SH:  0    Dex: 10    Spells: 0 memorised, 2 levels left

rFire  . . .     SeeInvis .     a - +0 hand axe
rCold  . . .     Gourm    .     r - +0 robe (curse)
rNeg   . . .     Faith    .     (no shield)
rPois  .         Spirit   .     (helmet restricted)
rElec  .         Dismiss  .     (no cloak)
rCorr  .         Reflect  .     (no gloves)
SustAt .         Harm     .     (no boots)
MR     .....                    (no amulet)
Stlth  +.........               (no ring)
                                (no ring)

@: mighty, lethally poisoned (0 -> -14), not resistant to hostile enchantments,
very unstealthy
A: retaliatory headbutt, horns 2
a: Berserk, Burn Spellbooks, Renounce Religion


You were on level 2 of the Dungeon.
You worshipped Trog.
Trog was aware of your devotion.
You were not hungry.

You visited 1 branch of the dungeon, and saw 2 of its levels.

You collected 90 gold pieces.

Inventory:

Hand Weapons
 a - a +0 hand axe (weapon)
Armour
 b - a +0 animal skin
 r - a cursed +0 robe (worn)
Jewellery
 q - an uncursed ring of wizardry {unknown}
Scrolls
 e - a scroll of magic mapping {unknown}
 f - a scroll of fog {unknown}
 g - 3 scrolls of remove curse {unknown}
 h - a scroll of noise {unknown}
 k - a scroll of recharging {unknown}
 l - a scroll of teleportation {unknown}
 n - 2 scrolls of identify {unknown}
 o - a scroll of fear {unknown}
Potions
 d - a potion of might
 p - a potion of mutation {unknown}
Comestibles
 c - 2 bread rations
 i - a slice of pizza
 j - a meat ration


   Skills:
 + Level 4.2 Fighting
 * Level 5.2 Axes
 - Level 2.4 Armour
 - Level 2.1 Dodging


You had 2 spell levels left.
You didn't know any spells.

Dungeon Overview and Level Annotations

Branches:
Dungeon (2/15)

Altars:


Innate Abilities, Weirdness & Mutations

You reflexively headbutt those who attack you in melee.
You have a pair of horns on your head.


Message History

The adder is lightly wounded.
The adder bites you.
* * * LOW HITPOINT WARNING * * *
You are more poisoned.
The adder poisons you!
Unknown command.
Okay, then.
Unknown command.
Drink which item? (? for menu, Esc to quit)
It was a potion of might.
You feel very mighty all of a sudden.
* * * LOW HITPOINT WARNING * * *
You feel sick. The adder bites you.
* * * LOW HITPOINT WARNING * * *
You are more poisoned.
The adder poisons you!
Unknown command.
Drink which item? (? for menu, Esc to quit)
It was a potion of cure mutation.
It has a very clean taste.
You die...

#.##..........#.#
#.##........#.#.#
#.##........#.#.#
#....<#.##.##.#.#
#######.##.##...#
#####.##.#########
#......#.##.......
#.######.##....... #@#
#.##....... #S#
#.##....... #.#
#.##....... #.#
#.######### ########.#
#.# ##### #<.)..##..
#....
##.##.###############.###
#..................#.#
#..#.#############.#.#


You could see an adder.

Vanquished Creatures
  A worker ant zombie (D:2)
  An adder (D:2)
  An adder skeleton (D:2)
  3 worms (D:2)
  2 dart slugs (D:1)
  A giant gecko (D:2)
  A bat skeleton (D:2)
  A giant cockroach (D:2)
  A goblin (D:1)
  3 hobgoblins
  2 kobolds
  A quokka (D:2)
  3 giant newts
  A jackal skeleton (D:2)
  3 rats (D:1)
25 creatures vanquished.

Notes
Turn   | Place    | Note
--------------------------------------------------------------
     0 | D:1      | Eucla the Minotaur Berserker began the quest for the Orb.
     0 | D:1      | Reached XP level 1. HP: 19/19 MP: 0/0
   165 | D:1      | Reached skill level 4 in Axes
   182 | D:1      | Reached XP level 2. HP: 16/27 MP: 1/1
   934 | D:2      | Reached XP level 3. HP: 13/33 MP: 2/2
   992 | D:2      | Reached skill level 5 in Axes
  1179 | D:2      | HP: 1/33 [adder (2)]
  1180 | D:2      | Succumbed to an adder's poison

Skill      XL: |  1  2  3 |
---------------+----------+-----
Axes           | 4 5 |  5.2
Fighting       | 4 |  4.2
Armour         | |  2.4
Dodging        | |  2.1

Action                   || total
-------------------------++-------
Melee: Hand axe          ||    63
       Headbutt          ||    12
Invok: Berserk           ||     1
  Use: Potion            ||     2
 Stab: Sleeping          ||     1
  Eat: Chunk             ||     2
Armor: Animal skin       ||     6
Dodge: Dodged            ||    31
